 Dungeon Crawl Stone Soup version 0.27.1-1-g398f81649c (webtiles) character file.

Game seed: 13685127977425661314

1180 MajorAdolf the Conjurer (level 8, -8/72 HPs)
             Began as a Naga Wanderer on Sept 19, 2021.
             Was an Initiate of Sif Muna.
             Mangled by an orc warrior (10 damage)
             ... on level 6 of the Dungeon.
             The game lasted 00:18:07 (8094 turns).

MajorAdolf the Conjurer (Naga Wanderer)             Turns: 8094, Time: 00:18:08

Health: -8/72      AC:  3    Str: 15    XL:     8   Next: 42%
Magic:  5/15       EV:  9    Int: 16    God:    Sif Muna [......]
Gold:   411        SH:  0    Dex:  9    Spells: 11/17 levels left

rFire    . . .     SeeInvis +   w - +4 quarterstaff
rCold    + . .     Faith    .   (shield currently unavailable)
rNeg     . . .     Spirit   .   B - +0 robe
rPois    +         Reflect  .   (no helmet)
rElec    .         Harm     .   (no cloak)
rCorr    .         Rampage  .   (no gloves)
Will     +....                  (no barding)
Stlth    ++........             (no amulet)
HPRegen  0.22/turn              h - ring of wizardry
MPRegen  0.14/turn              j - ring of protection from cold

@: short of breath, very slow
A: AC +2, large, see invisible, deformed body, poison resistance, slowness 2,
spit poison 1, naga tail 1
a: Spit Poison, Renounce Religion


You were on level 6 of the Dungeon.
You worshipped Sif Muna.
Sif Muna was noncommittal.
You visited 2 branches of the dungeon, and saw 7 of its levels.

You collected 411 gold pieces.

Inventory:

Hand Weapons
 a - a +0 shortbow
 e - a +0 dagger
 w - a +4 quarterstaff (weapon)
Missiles
 c - 129 arrows
 n - 17 boomerangs
 y - a throwing net
Armour
 b - a +2 scale mail
 B - a +0 robe (worn)
Jewellery
 h - a ring of wizardry (left hand)
 j - a ring of protection from cold (right hand)
 A - a ring of wizardry
 D - an amulet of the acrobat
Wands
 x - a wand of flame (30)
 E - a wand of mindburst (9)
Scrolls
 g - 2 scrolls of noise {unknown}
 k - 8 scrolls of identify {unknown}
 l - 3 scrolls of magic mapping {unknown}
 m - 2 scrolls of torment {unknown}
 o - 4 scrolls of enchant armour {unknown}
 p - a scroll of amnesia {unknown}
 r - 2 scrolls of teleportation {unknown}
 s - a scroll of vulnerability {unknown}
 u - 3 scrolls of blinking {unknown}
 v - 3 scrolls of fear {unknown}
Potions
 d - a potion of lignification
 f - a potion of flight {unknown}
 i - 2 potions of attraction {unknown}
 q - a potion of cancellation {unknown}
 t - a potion of degeneration {unknown}
 z - a potion of haste {unknown}
 C - a potion of brilliance {unknown}


   Skills:
 - Level 4.1 Fighting
 - Level 1.0 Short Blades
 - Level 1.7 Bows
 - Level 1.2 Armour
 - Level 0.3 Dodging
 - Level 3.0 Stealth
 + Level 5.1 Spellcasting
 + Level 5.4 Conjurations
 + Level 3.5 Hexes
 + Level 3.6 Invocations


You had 11 spell levels left.
You knew the following spells:

 Your Spells              Type           Power      Damage    Failure   Level
a - Searing Ray           Conj           42%        3d4       1%          2
b - Fulminant Prism       Conj/Hex       9%         3d7       10%         4

Your spell library contained the following spells:

 Spells                   Type           Power      Damage    Failure   Level
 Foxfire                  Conj/Fire      48%        2x1d6     1%          1
 Magic Dart               Conj           84%        1d7       1%          1
 Animate Skeleton         Necr           8%         N/A       6%          1
 Pain                     Necr           16%        1d4       6%          1
 Conjure Flame            Conj/Fire      12%        6-21      6%          3
 Passwall                 Tmut/Erth      3%         N/A       9%          2
 Inner Flame              Hex/Fire       9%         N/A       9%          3
 Swiftness                Air            4%         N/A       17%         3
 Vampiric Draining        Necr           2%         2d6       17%         3
 Invisibility             Hex            7%         N/A       89%         6


Dungeon Overview and Level Annotations

Branches:
Dungeon (6/15)             Temple (1/1) D:5

Altars:
Ashenzari
Cheibriados
Fedhas
Hepliaklqana
Okawaru
Qazlal
Ru
Sif Muna
Trog
Uskayaw
Vehumet
Wu Jian
Xom
Yredelemnul
Zin
The Shining One


Innate Abilities, Weirdness & Mutations

Your serpentine skin is tough. (AC +2)
You have supernaturally acute eyesight. (SInv)
Armour fits poorly on your strangely shaped body.
Your system is resistant to poisons. (rPois)
You cover ground very slowly.
You can spit poison.
You have a snake-like lower body.


Message History

Confirm with . or Enter, or press ? or * to list all spells.
Aiming: Fulminant Prism (dangerous; 10% risk of failure)
Press: ? - help, Dir - move target You conjure a prism of explosive energy!
A fulminant prism comes into view.
The orc warrior hits you with a +0 long sword!
* * * LOW HITPOINT WARNING * * *
Unknown command.
Casting: Fulminant Prism (dangerous; 10% risk of failure)
Confirm with . or Enter, or press ? or * to list all spells.
Okay, then.
Unknown command.
You hit the orc warrior.
The orc warrior is heavily wounded.
The orc warrior hits you with a +0 long sword!
* * * LOW HITPOINT WARNING * * *
Your fulminant prism crackles loudly.
Unknown command.
You hit the orc warrior.
The orc warrior is heavily wounded.
The orc warrior barely misses you.
Your fulminant prism explodes!
The blast of energy engulfs the orc warrior!
The orc warrior is almost dead.
Unknown command.
Casting: Fulminant Prism (dangerous; 10% risk of failure)
Confirm with . or Enter, or press ? or * to list all spells.
Aiming: Searing Ray (safe; 1% risk of failure)
Press: ? - help, Shift-Dir - straight line The searing ray misses the orc warrior. (Press . to maintain the ray.)
The orc warrior hits you with a +0 long sword.
* * * LOW HITPOINT WARNING * * *
Unknown command.
Unknown command.
Press: ? - help, Shift-Dir - straight line, f - orc warrior
Aim: an orc warrior, wielding a +0 long sword and wearing a +0 plate armour (almost dead)
The splash of poison misses the orc warrior.
The orc warrior hits you with a +0 long sword!
You die...

######### #.......#
#####.### #.# #
#.......###.#####
###.#####....))o@.#
.##.# #.###.###.#
#...# #.o.......$.
.##.#
#.####.##$##.#
###.# #.# .# .# #
.##.. ..# .# ..
.##### ### .# ## .#
.# .#


You could see an orc warrior.

Vanquished Creatures
  A steam dragon (D:6)
  A sky beast (D:6)
  2 centaurs (D:5)
  A phantom (D:6)
  Blork the orc (D:4)
  A bullfrog (D:6)
  A scorpion (D:4)
  A water moccasin zombie (D:6)
  A howler monkey (D:5)
  A centaur zombie (D:6)
  A hound (D:4)
  An orc priest (D:6)
  3 iguanas
  3 orc wizards
  A killer bee zombie (D:5)
  A hound skeleton (D:4)
  4 gnolls (D:2)
  5 adders
  An adder skeleton (D:4)
  A worm (D:3)
  3 dart slugs
  14 orcs
  10 ball pythons
  6 bats
  11 endoplasms
  2 giant cockroaches
  7 goblins
  3 hobgoblins
  4 jackals
  4 kobolds
  6 quokkas
  5 frilled lizards
  2 rats
109 creatures vanquished.

Vanquished Creatures (others)
  2 fulminant prisms (D:6)
2 creatures vanquished.

Grand Total: 111 creatures vanquished

Notes
Turn   | Place    | Note
-------+----------+-------------------------------------------
     0 | D:1      | MajorAdolf the Naga Wanderer began the quest for the Orb.
     0 | D:1      | MajorAdolf set off with the following items: a +0 shortbow,
                  | a +2 scale mail, 25 arrows, a potion of lignification, a +0
                  | dagger
     0 | D:1      | Reached XP level 1. HP: 22/22 MP: 1/1
   205 | D:1      | Reached XP level 2. HP: 22/30 MP: 2/2
   758 | D:1      | Reached skill level 1 in Conjurations
   885 | D:1      | Reached skill level 1 in Spellcasting
   965 | D:1      | Learned a level 2 spell: Searing Ray
   978 | D:1      | Reached XP level 3. HP: 36/36 MP: 4/4
  1648 | D:2      | Reached XP level 4. HP: 44/44 MP: 1/6
  3620 | D:3      | Reached XP level 5. HP: 46/50 MP: 5/8
  4210 | D:3      | Learned a level 4 spell: Fulminant Prism
  4623 | D:4      | HP: 1/50 [scorpion (9)]
  4626 | D:4      | Reached XP level 6. HP: 8/57 MP: 2/11
  5072 | D:4      | Found a faded altar of an unknown god.
  5073 | D:4      | Noticed Blork the orc
  5082 | D:4      | Killed Blork the orc
  5083 | D:4      | Found a hazy altar of Hepliaklqana.
  5362 | D:4      | Noticed an acid dragon
  5373 | D:5      | Entered Level 5 of the Dungeon
  5515 | D:5      | Found a staircase to the Ecumenical Temple.
  5534 | Temple   | Entered the Ecumenical Temple
  5774 | Temple   | Became a worshipper of Sif Muna the Loreminder
  5817 | D:5      | Reached skill level 1 in Hexes
  5817 | D:5      | Reached XP level 7. HP: 9/64 MP: 7/13
  6231 | D:5      | Reached skill level 1 in Invocations
  7201 | D:6      | Reached XP level 8. HP: 55/72 MP: 1/15
  7303 | D:6      | Reached skill level 5 in Conjurations
  7624 | D:6      | Reached skill level 5 in Spellcasting
  8093 | D:6      | HP: 1/72 [orc warrior (6)]
  8094 | D:6      | Mangled by an orc warrior

Illustrated notes

Levels and vault maps discovered:
D:1:      dpeg_arrival_water_temple_mockup, layout_basic
D:2:      layout_basic, minmay_misc_feat_iff
D:3:      minmay_chambers_of_threes, layout_basic,
          amcnicky_mini_rare_corridor_liquid
D:4:      layout_loops_ring, minmay_overflow_temple_star_quad,
          beargit_hepliaklqana_dungeon_heroes, kennysheep_pointless_box
D:5:      layout_basic, minmay_temple_entry_waves
D:6:      layout_loops_cross, kennysheep_generic_room_10
Temple:   regret_index_temple_generic_petals

Skill      XL: |  1  2  3  4  5  6  7  8 |
---------------+-------------------------+-----
Conjurations   | 1 2 3 4 5 |  5.4
Spellcasting   | 1 2 3 4 5 |  5.1
Hexes          | 1 2 3 |  3.5
Invocations    | 2 3 |  3.6
Fighting       | |  4.1
Short Blades   | |  1.0
Bows           | |  1.7
Armour         | |  1.2
Dodging        | |  0.3
Stealth        | |  3.0

Action                   |  1- 3 |  4- 6 |  7- 9 || total
-------------------------+-------+-------+-------++-------
Melee: Dagger            |    76 |     8 |       ||    84
       Quarterstaff      |       |     5 |    15 ||    20
 Fire: Shortbow          |     3 |       |       ||     3
 Cast: Searing Ray       |     4 |    35 |    19 ||    58
       Fulminant Prism   |       |       |     2 ||     2
 Abil: Spit Poison       |    16 |    24 |     7 ||    47
  Use: Potion            |       |     1 |       ||     1
 Stab: Sleeping          |       |     1 |       ||     1
Armor: Scale mail        |    36 |       |    18 ||    54
       Skin              |     5 |     7 |       ||    12
       Robe              |       |       |     8 ||     8
Dodge: Dodged            |    51 |    38 |    31 ||   120
